 Dungeon Crawl Stone Soup version 0.23.2-40-g277498a (webtiles) character file.

Game seed: 5460942031692958628

247 Balder the Cutter (level 5, 0/47 HPs)
             Began as a Minotaur Monk on Aug 13, 2019.
             Slain by an orc (3 damage)
             ... on level 4 of the Dungeon.
             The game lasted 00:10:51 (2698 turns).

Balder the Cutter (Minotaur Monk)                   Turns: 2698, Time: 00:10:52

Health: 0/47       AC:  6    Str: 16    XL:     5   Next: 85%
Magic:  4/4        EV: 12    Int:  7    God:
Gold:   154        SH:  0    Dex: 13    Spells: 4/4 levels left

rFire    . . .     SeeInvis .   a - +1 short sword
rCold    . . .     Gourm    .   (no shield)
rNeg     . . .     Faith    .   l - +1 ring mail (curse)
rPois    .         Spirit   .   (helmet restricted)
rElec    .         Reflect  .   (no cloak)
rCorr    .         Harm     .   (no gloves)
MR       .....                  (no boots)
Stlth    +.........             (no amulet)
HPRegen  0.15/turn              p - +2 ring of slaying
MPRegen  0.09/turn              (no ring)

@: no status effects
A: retaliatory headbutt, horns 2
a: no special abilities


You were on level 4 of the Dungeon.
You were hungry.

You visited 1 branch of the dungeon, and saw 4 of its levels.

You collected 154 gold pieces.

Inventory:

Hand Weapons
 a - a +1 short sword (weapon)
Missiles
 k - 16 sling bullets
 o - 5 tomahawks (quivered)
Armour
 b - a +0 robe
 l - a cursed +1 ring mail (worn)
 m - a +0 chain mail of cold resistance
Jewellery
 p - a +2 ring of slaying (left hand)
Scrolls
 f - a scroll of enchant weapon
 g - a scroll of magic mapping
 i - 2 scrolls of fog
 r - a scroll of fear
 t - a scroll of identify
Potions
 d - a potion of curing
 h - a potion of magic {unknown}
 n - a potion of might {unknown}
 q - 2 potions of heal wounds {unknown}
 s - a potion of ambrosia {unknown}
Comestibles
 c - 4 rations


   Skills:
 * Level 4.7 Fighting
 * Level 5.3 Short Blades
 + Level 0.1 Throwing
 * Level 2.5 Armour
 * Level 4.1 Dodging
 + Level 2.0 Stealth


You had 4 spell levels left.
You didn't know any spells.
Your spell library was empty.

Dungeon Overview and Level Annotations

Branches:
Dungeon (4/15)
 Temple: D:4-7

Altars:
Cheibriados
Kikubaaqudgha
Makhleb
The Shining One


Innate Abilities, Weirdness & Mutations

You reflexively headbutt those who attack you in melee.
You have a pair of horns on your head.


Message History

You hit the orc warrior but do no damage.
You headbutt the orc warrior, but do no damage.
The orc warrior is lightly wounded.
The orc warrior misses you. The orc hits you.
You hit the orc warrior.
The orc warrior is lightly wounded.
The orc warrior hits you with a +0 mace!
* * * LOW HITPOINT WARNING * * *
You hit the orc warrior.
The orc warrior is lightly wounded.
The orc hits you but does no damage.
You feel better.
The orc warrior hits you with a +0 mace!!
* * * LOW HITPOINT WARNING * * *
The orc barely misses you. You furiously retaliate!
You headbutt the orc, but do no damage. You hit the orc warrior.
You headbutt the orc warrior!
The orc warrior is heavily wounded.
The orc hits you.
You die...

## ..# .# ..
.# #. ##.####
##.# #.....#
... '...$.#
##.##o....#
#.o@#oo...#
#.#o#.....#
#..o......#
#....#.#.#####
##.#.#.#.#
#.###...#
#.......#
######.##
#.###### #


You could see an orc warrior and 2 orcs.

Vanquished Creatures
  A jelly (D:3)
  An orc priest (D:4)
  Jessica (D:2)
  Terence (D:2)
  A hound skeleton (D:4)
  7 adders
  An ooze (D:1)
  A worm (D:3)
  A dart slug (D:1)
  2 leopard geckos (D:1)
  4 orcs (D:3)
  5 bats
  3 giant cockroaches
  5 goblins
  4 hobgoblins
  2 jackals (D:1)
  7 kobolds
  A quokka (D:2)
  A ball python (D:1)
  3 frilled lizards
  5 rats
57 creatures vanquished.

Notes
Turn   | Place    | Note
-------+----------+-------------------------------------------
     0 | D:1      | Balder the Minotaur Monk began the quest for the Orb.
     0 | D:1      | Reached XP level 1. HP: 19/19 MP: 0/0
   175 | D:1      | Reached XP level 2. HP: 22/27 MP: 1/1
   340 | D:1      | Reached skill level 4 in Short Blades
   471 | D:1      | Reached XP level 3. HP: 29/33 MP: 2/2
   849 | D:2      | Noticed Jessica
   859 | D:2      | Killed Jessica
   859 | D:2      | Reached skill level 1 in Armour
   885 | D:2      | Noticed Terence
   899 | D:2      | Killed Terence
   899 | D:2      | Reached XP level 4. HP: 27/41 MP: 3/3
   922 | D:2      | Found a burning altar of Makhleb.
  1025 | D:2      | Found an ancient bone altar of Kikubaaqudgha.
  1025 | D:2      | Found a faded altar of an unknown god.
  1033 | D:2      | Found a faded altar of an unknown god.
  1039 | D:2      | Found a snail-covered altar of Cheibriados.
  1041 | D:2      | Found a glowing golden altar of the Shining One.
  1621 | D:3      | Reached XP level 5. HP: 46/47 MP: 4/4
  1651 | D:3      | Reached skill level 5 in Short Blades
  2680 | D:4      | Noticed an orc warrior
  2697 | D:4      | HP: 2/47 [orc warrior/+0 mace (18)]
  2698 | D:4      | Slain by an orc

Skill      XL: |  1  2  3  4  5 |
---------------+----------------+-----
Short Blades   | 4 5 |  5.3
Fighting       | 4 |  4.7
Armour         | 1 2 |  2.5
Dodging        | 4 |  4.1
Stealth        | 2 |  2.0
Throwing       | |  0.1

Action                   |  1- 3 |  4- 6 || total
-------------------------+-------+-------++-------
Melee: Short sword       |    75 |    75 ||   150
       Headbutt          |    14 |    19 ||    33
Throw: Tomahawk          |       |     9 ||     9
  Use: Scroll            |       |     9 ||     9
       Potion            |       |     1 ||     1
 Stab: Sleeping          |     1 |       ||     1
  Eat: Chunk             |       |     5 ||     5
Armor: Robe              |     9 |       ||     9
       Ring mail         |     2 |    26 ||    28
Dodge: Dodged            |    38 |    32 ||    70
